 Dungeon Crawl Stone Soup version 0.26-a0-612-gd4d190f45e (webtiles) character file.

Game seed: 10439547884066426254

8 Peloso the Skirmisher (level 2, 24/24 HPs)
             Began as a Demonspawn Fighter on Sept 9, 2020.
             Got out of the dungeon alive.
             The game lasted 00:00:39 (266 turns).

Peloso the Skirmisher (Demonspawn Fighter)           Turns: 266, Time: 00:00:39

Health: 24/24      AC:  6    Str: 16    XL:     2   Next: 0%
Magic:  2/2        EV:  6    Int:  9    God:
Gold:   20         SH:  8    Dex: 12    Spells: 1/1 levels left

rFire    . . .     SeeInvis .   a - +0 long sword
rCold    . . .     Faith    .   c - +0 kite shield
rNeg     . . .     Spirit   .   b - +0 scale mail
rPois    .         Reflect  .   (helmet restricted)
rElec    .         Harm     .   (no cloak)
rCorr    .                      (no gloves)
MR       .....                  (no boots)
Stlth    ..........             (no amulet)
HPRegen  0.08/turn              (no ring)
MPRegen  0.08/turn              (no ring)

@: no status effects
A: antennae 1
a: no special abilities


You escaped.
You visited 1 branch of the dungeon, and saw 1 of its levels.

You collected 20 gold pieces.

Inventory:

Hand Weapons
 a - a +0 long sword (weapon)
Armour
 b - a +0 scale mail (worn)
 c - a +0 kite shield (worn)
Scrolls
 f - a scroll of teleportation {unknown}
 g - a scroll of identify {unknown}
Potions
 d - a potion of might
 e - a potion of flight {unknown}


   Skills:
 + Level 3.2 Fighting
 + Level 1.8 Long Blades
 + Level 2.8 Armour
 + Level 2.8 Shields


You had one spell level left.
You didn't know any spells.
Your spell library was empty.

Dungeon Overview and Level Annotations

Branches:
Dungeon (1/15)

Altars:


Innate Abilities, Weirdness & Mutations

You have a pair of small antennae on your head.


Message History

The giant cockroach bites you but does no damage.
You hit the giant cockroach.
You kill the giant cockroach!
A goblin comes into view.
The goblin shouts!
A goblin is nearby!
A goblin is nearby!
The goblin hits you but does no damage.
You hit the goblin.
You kill the goblin!
You have reached level 2!
Your demonic ancestry asserts itself...
A pair of antennae grows on your head!
(D) Dungeon
Where to? (? - help)
What level of the Dungeon? (default 1, ? - help)
There is a fountain of clear blue water here.
There is a staircase leading out of the dungeon here.
Are you sure you want to leave the Dungeon?
This will make you lose the game!
You have escaped!

#####.# #☼# ###§§§....#
#.#######§###..#
#.##.♣♣.♣§###..#
#§8.♣..♣♣§§.#§.#
♣°♣.♣⌠.⌠§♣♣§§..#
#♣♣§♣⌠...⌠♣§♣♣..#
♣.♣.⌠..∩..§§♣.♣##
##♣.♣⌠.......⌠♣.♣#######
.......∩.@.∩..♣♣.......#
##♣♣.⌠.......⌠☼♣♣#####.#
♣.♣♣⌠..∩..☼.♣.. ###.#
#§♣♣.⌠...⌠♣☼♣♣####...#
#♣§♣§♣⌠.⌠.♣♣..☼......#
#☼○♣♣.♣.♣.♣8#####...#
##☼#♣.♣♣.#.# ##..#
#§####.##.# #..# #§# #.#
#######..#


There were no monsters in sight!

Vanquished Creatures
  2 giant cockroaches (D:1)
  A goblin (D:1)
  A hobgoblin (D:1)
  2 frilled lizards (D:1)
  2 kobolds (D:1)
8 creatures vanquished.

Notes
Turn   | Place    | Note
-------+----------+-------------------------------------------
     0 | D:1      | Peloso the Demonspawn Fighter began the quest for the Orb.
     0 | D:1      | Reached XP level 1. HP: 18/18 MP: 1/1
   246 | D:1      | Gained mutation: You have a pair of small antennae on your
                  | head. [demonic ancestry]
   246 | D:1      | Reached XP level 2. HP: 24/24 MP: 2/2
   266 | D:$      | Got out of the dungeon alive.

Illustrated notes

Levels and vault maps discovered:
D:1:      heliophobic_arrival_enchanted_forest, layout_loops_ring,
          grunt_decor_one_mirror

Action                   || total
-------------------------++-------
Melee: Long sword        ||    24
  Use: Potion            ||     1
Armor: Scale mail        ||    16
Dodge: Dodged            ||     5
Block: Kite shield       ||    15

Table legend: (Time is in decaauts)
 A = Elapsed time spent in this place.
 B = Non-inter-level travel time spent in this place.
 C = Inter-level travel time spent in this place.
 D = Time resting spent in this place.
 E = Time spent auto-exploring this place.
 F = Levels seen in this place.
 G = Mean time per level.
                   A        B        C        D        E       F      G
               +--------+--------+--------+--------+--------+-----+--------+
         Total |    275 |    257 |     18 |      0 |    181 |   1 |  275.0 |
       Dungeon |    275 |    257 |     18 |      0 |    181 |   1 |  275.0 |
               +--------+--------+--------+--------+--------+-----+--------+

Top non-repeatable levels by time:
     D:1: 275 daAuts
